 Dungeon Crawl Stone Soup version 0.22-a0-160-gcc81d7a (webtiles) character file.

32485 Lathuz the Tortoise (level 13, -4/125 HPs)
             Began as a Minotaur Berserker on Feb 10, 2018.
             Was an Elder of Trog.
             Slain by an eight-headed hydra (5 damage)
             ... on level 6 of the Lair of Beasts.
             The game lasted 00:29:29 (15328 turns).

Lathuz the Tortoise (Minotaur Berserker)           Turns: 15328, Time: 00:29:30

Health: -4/125     AC: 21    Str: 26    XL:     13   Next: 31%
Magic:  4/4        EV: 10    Int:  4    God:    Trog [****..]
Gold:   816        SH:  0    Dex: 19    Spells: 12/12 levels left

rFire    . . .     SeeInvis .   Y - +8 executioner's axe (antimagic)
rCold    + . .     Gourm    +   (shield currently unavailable)
rNeg     . . .     Faith    .   s - +8 plate armour "Ymul" {rCorr Str+3}
rPois    +         Spirit   .   (helmet restricted)
rElec    .         Reflect  .   A - +0 cloak {+Inv}
rCorr    +         Harm     .   (no gloves)
MR       +....                  j - +0 pair of boots
Stlth    ..........             x - amulet of the gourmand
HPRegen  0.30/turn              I - +5 ring of dexterity
MPRegen  0.09/turn              Q - ring "Uralites" {rPois rC+ MR+}

@: corroded, berserk cooldown
A: retaliatory headbutt, horns 2
a: Berserk, Trog's Hand, Brothers in Arms, Burn Spellbooks, Renounce Religion,
Evoke Invisibility


You were on level 6 of the Lair of Beasts.
You worshipped Trog.
Trog was greatly pleased with you.
You were not hungry.

You visited 2 branches of the dungeon, and saw 17 of its levels.
You also visited: Ossuary and Ice Cave.

You collected 1048 gold pieces.
You spent 232 gold pieces at shops.

Inventory:

Hand Weapons
 Y - a +8 antimagic executioner's axe (weapon)
Missiles
 f - 439 stones (quivered)
 R - 5 tomahawks of dispersal
Armour
 j - a +0 pair of boots (worn)
 s - the +8 plate armour "Ymul" (worn) {rCorr Str+3}
   (You found it on level 4 of the Lair of Beasts)

   It affects your strength (+3).
   It protects you from acid and corrosion.
 A - a +0 cloak of invisibility (worn)
Jewellery
 x - an amulet of the gourmand (around neck)
 E - an uncursed ring of see invisible
 I - a +5 ring of dexterity (left hand)
 J - an uncursed ring of resist corrosion
 P - a +5 ring of intelligence
 Q - the ring "Uralites" (right hand) {rPois rC+ MR+}
   (You found it on level 10 of the Dungeon)

   [ring of poison resistance]

   It protects you from cold.
   It protects you from poison.
   It affects your resistance to hostile enchantments.
 S - an uncursed ring of positive energy
Wands
 v - a wand of enslavement (16)
 w - a wand of acid (7)
 K - a wand of flame (24)
 N - a wand of scattershot (5)
Scrolls
 b - 3 scrolls of fear {unknown}
 d - 2 scrolls of random uselessness {unknown}
 k - 12 scrolls of teleportation {unknown}
 m - 6 scrolls of magic mapping {unknown}
 n - 5 scrolls of enchant weapon {unknown}
 p - 3 scrolls of fog {unknown}
 t - 10 scrolls of remove curse
 u - 2 scrolls of immolation {unknown}
 H - 4 scrolls of enchant armour {unknown}
 L - a scroll of blinking {unknown}
 M - a scroll of amnesia {unknown}
 U - a scroll of summoning {unknown}
 X - a scroll of holy word {unknown}
Potions
 a - 7 potions of might
 g - 7 potions of curing
 h - 4 potions of agility
 l - 4 potions of lignification
 o - 6 potions of flight
 r - 4 potions of berserk rage {unknown}
 z - 5 potions of degeneration {unknown}
 B - 7 potions of haste {unknown}
 C - 2 potions of magic {unknown}
 D - 2 potions of brilliance {unknown}
 F - a potion of resistance
 G - 2 potions of ambrosia {unknown}
 O - 2 potions of invisibility {unknown}
 V - a potion of mutation {unknown}
Miscellaneous
 y - a phial of floods
Comestibles
 c - 30 rations


   Skills:
 + Level 14.7 Fighting
 + Level 16.5 Axes
 + Level 17.2 Armour
 + Level 3.5 Dodging


You had 12 spell levels left.
You didn't know any spells.

Dungeon Overview and Level Annotations

Branches:
Dungeon (11/15)            Temple (0/1) D:7            Lair (6/6) D:8
 Shoals (0/4) Lair:2       Spider (0/4) Lair:4          Orc (0/2) D:9
  Slime: Lair:5-6

Altars:
Cheibriados
Fedhas
Gozag
Makhleb
Okawaru
Qazlal
Ru
Wu Jian

Shops:
D:6 [

Annotations:
D:10 2 transporters
Lair:3 exclusion: 2 oklob plants


Innate Abilities, Weirdness & Mutations

You reflexively headbutt those who attack you in melee.
You have a pair of horns on your head.


Message History

The seven-headed hydra bites you!
* * * LOW HITPOINT WARNING * * *
The entropy weaver hits you but does no damage.
The entropy weaver hits you.
* * * LOW HITPOINT WARNING * * *
The entropy weaver completely misses you.
The entropy weaver hits you but does no damage.
A dream sheep comes into view.
You slice one of the seven-headed hydra's heads off!
The six-headed hydra grows two more!
You slash the eight-headed hydra!
The eight-headed hydra is moderately wounded.
You slash the entropy weaver!
The entropy weaver's magic leaks into the air.
The dream sheep shake their wool and sparkle.
You feel drowsy...
You fall asleep.
The entropy weaver gestures wildly while chanting.
The eight-headed hydra bites you!
You wake up.
* * * LOW HITPOINT WARNING * * *
The eight-headed hydra bites you.
You die...

.#... ...P
#.... ....
.... .....
... .....
P. ....
#.##..
#..D###...
#.@aY..#
#.†......#
#.##...YY.
.. ###..Y
... #Y
.... ##...
....


You could see an eight-headed hydra, an entropy weaver and 5 dream sheep.

Vanquished Creatures
  Snorg (D:10)
  A fire dragon (Lair:4)
  An ogre mage (D:8)
  3 hydras
  The ghost of Azzok the Covert, a journeyman GnEn of Ashenzari (D:11)
  2 two-headed ogres
  Urug (D:10)
  A necromancer (IceCv)
  A wolf spider (Lair:4)
  A merfolk siren (Lair:2)
  A centaur zombie (D:11)
  Joseph (Lair:1)
  3 black mambas
  2 gargoyles
  2 ice statues (IceCv)
  3 spiny frogs
  6 ice devils (IceCv)
  6 rime drakes
  A troll (D:9)
  3 komodo dragons
  2 polar bears (Lair:4)
  2 hippogriffs (Lair:3)
  A shadow (D:8)
  A wraith (D:11)
  26 yaks
  A wyvern (D:11)
  A hungry ghost (D:10)
  An acid dragon (D:9)
  10 soldier ants
  10 water moccasins
  9 porcupines
  2 hell hounds (D:8)
  2 black bears
  An orc warrior (D:10)
  A sky beast (D:5)
  10 ice beasts
  2 phantoms
  An ogre (D:5)
  6 centaurs
  19 wolves
  8 crocodiles
  A big kobold (D:8)
  Blork the orc (D:6)
  12 bullfrogs
  3 elf zombies (Ossuary)
  2 scorpions
  A water moccasin skeleton (D:8)
  A killer bee (D:8)
  7 wights
  A howler monkey (D:8)
  4 crimson imps
  2 draconian simulacra (IceCv)
  A bullfrog zombie (D:11)
  3 centaur skeletons
  4 jellies
  2 human zombies (Ossuary)
  4 orc priests
  Jessica (D:3)
  2 iguanas
  7 orc wizards
  A troll simulacrum (IceCv)
  9 worker ants
  A killer bee zombie (D:10)
  2 big kobold zombies (Ossuary)
  3 centaur simulacra (IceCv)
  A hound zombie (Ossuary)
  A hound skeleton (D:8)
  3 mummies (Ossuary)
  A howler monkey skeleton (D:10)
  An ogre simulacrum (IceCv)
  10 adders
  3 naga simulacra (IceCv)
  2 shadow imps
  6 oozes
  8 adder zombies
  A worm (D:3)
  4 dart slugs
  10 leopard geckos
  30 orcs
  9 bats
  3 giant cockroaches
  8 goblins
  5 hobgoblins
  8 jackals
  6 quokkas
  3 frilled lizards
  2 gnoll zombies (Ossuary)
  3 hobgoblin zombies (Ossuary)
  A jackal skeleton (D:9)
  5 jackal zombies (Ossuary)
  11 kobolds
  6 kobold zombies (Ossuary)
  A leopard gecko skeleton (D:6)
  An orc zombie (Ossuary)
  A quokka skeleton (D:4)
  4 quokka zombies (Ossuary)
  26 rats
  2 rat zombies (Ossuary)
  A fungus (Lair:3)
  4 plants
423 creatures vanquished.

Vanquished Creatures (collateral kills)
  The ghost of Borgoz the Schismatic, a journeyman HOAK of Lugonu (D:11)
  A black mamba (Lair:5)
  5 soldier ants (Lair:5)
  An eye of draining (D:11)
  A wight (D:8)
  2 worker ants (Lair:5)
11 creatures vanquished.

Vanquished Creatures (others)
  3 fungi
  2 plants
5 creatures vanquished.

Grand Total: 439 creatures vanquished

Notes
Turn   | Place    | Note
-------+----------+-------------------------------------------
     0 | D:1      | Lathuz the Minotaur Berserker began the quest for the Orb.
     0 | D:1      | Reached XP level 1. HP: 19/19 MP: 0/0
   176 | D:1      | Reached XP level 2. HP: 26/27 MP: 1/1
   396 | D:1      | Reached ** piety under Trog
   400 | D:1      | Reached XP level 3. HP: 27/33 MP: 2/2
   404 | D:1      | Reached skill level 3 in Armour
  1214 | D:2      | Found a sacrificial altar of Ru.
  1225 | D:2      | Found an iron altar of Okawaru.
  1286 | D:2      | Reached XP level 4. HP: 41/41 MP: 3/3
  1294 | D:2      | Reached skill level 5 in Axes
  1720 | D:3      | Reached *** piety under Trog
  2064 | D:3      | Noticed a two-headed ogre
  2097 | D:3      | Reached XP level 5. HP: 47/47 MP: 4/4
  2125 | D:3      | Reached skill level 4 in Armour
  2279 | D:3      | Noticed Jessica
  2280 | D:3      | Killed Jessica
  2546 | D:4      | Reached skill level 5 in Fighting
  2655 | D:4      | Reached XP level 6. HP: 51/56 MP: 5/5
  2795 | D:4      | Found an opulent altar of Gozag.
  2979 | D:5      | Entered Level 5 of the Dungeon
  3408 | D:5      | Reached skill level 5 in Armour
  3408 | D:5      | Reached XP level 7. HP: 43/62 MP: 6/6
  3825 | D:6      | Found Xogip's Antique Armour Shoppe.
  3837 | D:6      | Bought a glowing cloak for 232 gold pieces
  3917 | D:6      | Reached **** piety under Trog
  3971 | D:6      | Found an ornate altar of the Wu Jian Council.
  4072 | D:6      | Reached skill level 6 in Armour
  4072 | D:6      | Reached XP level 8. HP: 65/71 MP: 7/7
  4280 | D:6      | Noticed Blork the orc
  4284 | D:6      | Killed Blork the orc
  4388 | D:6      | Found a sand-covered staircase.
  4438 | Ossuary  | Entered an ossuary
  4704 | Ossuary  | Reached ***** piety under Trog
  4751 | Ossuary  | Reached skill level 7 in Armour
  4755 | Ossuary  | Reached skill level 10 in Axes
  4892 | D:7      | Found a staircase to the Ecumenical Temple.
  5797 | D:7      | Reached XP level 9. HP: 75/81 MP: 8/8
  5818 | D:7      | Found a blossoming altar of Fedhas.
  5818 | D:7      | Found a stormy altar of Qazlal.
  5823 | D:7      | Found a snail-covered altar of Cheibriados.
  5830 | D:7      | Found a faded altar of an unknown god.
  5831 | D:7      | Found a faded altar of an unknown god.
  6071 | D:8      | Received a gift from Trog
  6074 | D:8      | Got a steaming broad axe {god gift}
  6075 | D:8      | Identified the +6 broad axe of Plague {freeze, MR+ Int+2 Dex+6} (Trog gifted it to you on level 8 of the Dungeon)
  6115 | D:8      | Found a staircase to the Lair.
  6274 | D:8      | Noticed a seven-headed hydra
  6279 | D:8      | Reached skill level 8 in Armour
  6282 | D:8      | Killed an eight-headed hydra
  6392 | D:8      | Noticed a komodo dragon
  6406 | D:8      | Killed a komodo dragon
  6406 | D:8      | Reached skill level 9 in Armour
  6928 | D:8      | Noticed an ogre mage
  6933 | D:8      | Killed an ogre mage
  6933 | D:8      | Reached skill level 10 in Armour
  6933 | D:8      | Reached XP level 10. HP: 92/92 MP: 9/9
  7233 | D:9      | Found a burning altar of Makhleb.
  7543 | D:9      | Reached skill level 10 in Fighting
  7926 | D:9      | Found a staircase to the Orcish Mines.
  8061 | D:10     | Entered Level 10 of the Dungeon
  8115 | D:10     | Found a transporter.
  8119 | D:10     | Noticed a fire crab
  8232 | D:10     | Found a transporter.
  8250 | D:10     | Noticed Snorg
  8258 | D:10     | Killed Snorg
  8258 | D:10     | Reached skill level 11 in Armour
  8451 | D:10     | Noticed Urug
  8451 | D:10     | Noticed a gargoyle
  8465 | D:10     | Killed a gargoyle
  8468 | D:10     | Killed Urug
  8468 | D:10     | Reached skill level 12 in Armour
  8538 | D:10     | Got a warped lead ring
  8545 | D:10     | Identified the ring "Uralites" {rPois rC+ MR+} (You found it on level 10 of the Dungeon)
  8725 | D:10     | Noticed a two-headed ogre
  8729 | D:10     | Killed a two-headed ogre
  8729 | D:10     | Reached XP level 11. HP: 102/102 MP: 10/10
  9010 | D:11     | Reached skill level 13 in Armour
  9148 | D:11     | Noticed a two-headed ogre
  9165 | D:11     | Killed a two-headed ogre
  9354 | D:11     | Noticed Borgoz's ghost (journeyman HOAK)
  9364 | D:11     | Killed Borgoz's ghost
  9364 | D:11     | Reached skill level 14 in Armour
  9511 | D:11     | Noticed an eight-headed hydra
  9517 | D:11     | Killed an 11-headed hydra
 10044 | D:11     | Noticed Azzok's ghost (journeyman GnEn)
 10057 | D:11     | Killed Azzok's ghost
 10149 | Lair:1   | Entered Level 1 of the Lair of Beasts
 10249 | Lair:1   | Reached skill level 15 in Armour
 10402 | Lair:1   | Found a frozen archway.
 10418 | IceCv    | Entered an ice cave
 10439 | IceCv    | Reached XP level 12. HP: 68/113 MP: 11/11
 10447 | IceCv    | Received a gift from Trog
 10712 | IceCv    | Reached skill level 15 in Axes
 11210 | Lair:1   | Received a gift from Trog
 11244 | Lair:1   | Reached skill level 16 in Armour
 11443 | Lair:1   | Noticed Joseph
 11476 | Lair:1   | Killed Joseph
 12677 | Lair:2   | Found a staircase to the Shoals.
 13424 | Lair:3   | Found a dark tunnel.
 13984 | Lair:4   | Noticed a seven-headed hydra
 13994 | Lair:4   | Killed a nine-headed hydra
 13994 | Lair:4   | Reached XP level 13. HP: 125/125 MP: 4/12
 14135 | Lair:4   | Reached skill level 17 in Armour
 14348 | Lair:4   | Received a gift from Trog
 14419 | Lair:4   | Found a hole to the Spider Nest.
 14835 | Lair:4   | Noticed a fire dragon
 14852 | Lair:4   | Killed a fire dragon
 15026 | Lair:4   | Found the cursed +13 scythe of Curses {drain, *Curse}
 15048 | Lair:4   | Got an ichor-stained plate armour
 15061 | Lair:4   | Identified the +8 plate armour "Ymul" {rCorr Str+3} (You found it on level 4 of the Lair of Beasts)
 15311 | Lair:5   | Noticed an entropy weaver
 15320 | Lair:6   | Entered Level 6 of the Lair of Beasts
 15328 | Lair:6   | HP: 1/125 [eight-headed hydra (7)]
 15328 | Lair:6   | Slain by an eight-headed hydra

Vault maps used:
D:1:      dpeg_arrival_stone_temple_mockup, serial_bayou_lagoon_a,
          minmay_small_reverse_x
D:2:      grunt_temple_overflow_open, minmay_rat_hole
D:3:      first_ration, lightli_corner_chamber, uniq_jessica
D:4:      nicolae_gozag_seed_capital
D:6:      marbit_many_paths, serial_shops, nicolae_shop_crystal,
          chequers_ossuary_entry_cave, kennysheep_generic_room_15,
          uniq_blork_the_orc
D:7:      chequers_temple_overflow_minitemple,
          minmay_temple_entry_statues_pillars
D:8:      minmay_the_grid_triangle_9x9_recursive_2, minmay_lair_entry_lava
D:9:      lemuel_doored_altar, orc_0_dummy, hangedman_little_slice_of_home
D:10:     gammafunk_cloud_chamber, grunt_ministairs_2, uniq_snorg, uniq_urug
Lair:1:   statuecave_lemuel, portal_ice_cave_entry_ice_beasts, uniq_joseph
Lair:2:   minmay_shoals_entry_lonely_mermaid, minivault_27, lemuel_fruit_tree,
          grunt_megastairs_5
Lair:3:   enter_volcano_1, minmay_lair_oklob_chamber
Lair:4:   dragon1_lemuel, spider_nest_entry_rubble, minmay_lair_drake_nest
Lair:5:   roderic_batcave, minivault_24, minivault_29
Lair:6:   due_jungle_book, slime_altar_2, grunt_megastairs_4
Ossuary:  minmay_ossuary_two_tombs
IceCv:    ice_cave_tombish

Skill      XL: |  1  2  3  4  5  6  7  8  9 10 11 12 13 |
---------------+----------------------------------------+-----
Axes           | 4 5 6 7 8 10 12 13 14 16 | 16.5
Fighting       | 4 5 6 7 9 11 12 14 | 14.7
Armour         | 3 4 5 6 7 10 12 15 16 17 | 17.2
Dodging        | 3 |  3.5

Action                   |  1- 3 |  4- 6 |  7- 9 | 10-12 | 13-15 || total
-------------------------+-------+-------+-------+-------+-------++-------
Melee: Hand axe          |   165 |    62 |       |       |       ||   227
       Headbutt          |    42 |    17 |    70 |   136 |    25 ||   290
       War axe           |       |    34 |   217 |       |       ||   251
       Broad axe         |       |       |    28 |   266 |       ||   294
       Battleaxe         |       |       |       |   148 |    31 ||   179
       Executioner's axe |       |       |       |       |    55 ||    55
Throw: Stone             |    69 |    57 |   168 |   172 |    43 ||   509
       Tomahawk          |       |       |       |    61 |       ||    61
Invok: Berserk           |     1 |     4 |     6 |     8 |     2 ||    21
       Trog's Hand       |       |     1 |     2 |     2 |     1 ||     6
       Burn Spellbooks   |       |       |     3 |       |     2 ||     5
       Brothers in Arms  |       |       |     1 |     3 |     1 ||     5
  Use: Scroll            |       |       |     3 |    12 |     3 ||    18
       Potion            |       |       |       |       |     3 ||     3
 Stab: Distracted        |       |       |       |     1 |       ||     1
  Eat: Chunk             |     1 |     6 |    18 |    41 |     3 ||    69
       Ration            |       |     3 |     1 |       |       ||     4
Armor: Plate armour      |    62 |    58 |   148 |   231 |   142 ||   641
       Animal skin       |     1 |       |       |       |       ||     1
Dodge: Dodged            |    41 |    32 |    79 |   156 |    66 ||   374

Table legend:
 A = Spawn XP
 B = Non-spawn XP
 C = Spawn XP percentage of total XP
 D = Spawn monster count
 E = Non-spawn monster count
 F = Spawn count percentage of total count
 G = Total turns spent on level
                    A         B        C        D         E        F      G
               +---------+---------+-------+---------+---------+-------+---------
         Total |       0 |   46408 |   0.0 |       0 |     429 |   0.0 | 15328
               +---------+---------+-------+---------+---------+-------+---------
           D:1 |       0 |      62 |   0.0 |       0 |      32 |   0.0 |   975
           D:2 |       0 |      46 |   0.0 |       0 |      35 |   0.0 |   609
           D:3 |       0 |     209 |   0.0 |       0 |      21 |   0.0 |   918
           D:4 |       0 |      72 |   0.0 |       0 |      12 |   0.0 |   477
           D:5 |       0 |     618 |   0.0 |       0 |      10 |   0.0 |   846
           D:6 |       0 |     920 |   0.0 |       0 |      19 |   0.0 |   628
           D:7 |       0 |     406 |   0.0 |       0 |       8 |   0.0 |  1019
           D:8 |       0 |    3544 |   0.0 |       0 |      28 |   0.0 |  1161
           D:9 |       0 |    1130 |   0.0 |       0 |      26 |   0.0 |  1028
          D:10 |       0 |    5146 |   0.0 |       0 |      26 |   0.0 |   970
          D:11 |       0 |    7046 |   0.0 |       0 |      33 |   0.0 |  1081
        Lair:1 |       0 |    3917 |   0.0 |       0 |      28 |   0.0 |  1138
        Lair:2 |       0 |    4700 |   0.0 |       0 |      24 |   0.0 |   902
        Lair:3 |       0 |    4497 |   0.0 |       0 |      23 |   0.0 |   936
        Lair:4 |       0 |    6848 |   0.0 |       0 |      20 |   0.0 |  1368
        Lair:5 |       0 |    2730 |   0.0 |       0 |      24 |   0.0 |    39
        Lair:6 |       0 |     165 |   0.0 |       0 |       1 |   0.0 |     8
       Ossuary |       0 |     548 |   0.0 |       0 |      40 |   0.0 |   437
         IceCv |       0 |    3804 |   0.0 |       0 |      19 |   0.0 |   788
               +---------+---------+-------+---------+---------+-------+---------
